 Dungeon Crawl Stone Soup version 0.27.1-3-gb3d3a73c9e (webtiles) character file.

Game seed: 11167418701896187305

52 pkoi the Insei (level 3, -3/31 HPs)
             Began as a Draconian Monk on Oct 26, 2021.
             Slain by a gnoll (4 damage)
             ... on level 1 of the Dungeon.
             The game lasted 00:02:24 (1112 turns).

pkoi the Insei (Draconian Monk)                     Turns: 1112, Time: 00:02:25

Health: -3/31      AC:  7    Str: 13    XL:     3   Next: 60%
Magic:  3/3        EV: 12    Int: 11    God:
Gold:   42         SH:  0    Dex: 13    Spells: 2/2 levels left

rFire    . . .     SeeInvis .     - Unarmed
rCold    . . .     Faith    .   (no shield)
rNeg     . . .     Spirit   .   (armour unavailable)
rPois    .         Reflect  .   (helmet restricted)
rElec    .         Harm     .   e - +1 cloak
rCorr    .         Rampage  .   (no gloves)
Will     .....                  (no boots)
Stlth    ++........             (no amulet)
HPRegen  0.10/turn              (no ring)
MPRegen  0.08/turn              (no ring)

@: no status effects
A: AC +5, unfitting armour, cold-blooded
a: no special abilities


You were on level 1 of the Dungeon.
You visited 1 branch of the dungeon, and saw 2 of its levels.

You collected 42 gold pieces.

Inventory:

Armour
 e - a +1 cloak (worn)
Potions
 a - a potion of curing {unknown}
 b - a potion of degeneration {unknown}
 c - 2 potions of brilliance {unknown}
 d - a potion of ambrosia {unknown}


   Skills:
 - Level 3.2 Fighting
 - Level 2.6 Dodging
 - Level 1.7 Stealth
 + Level 4.6 Unarmed Combat


You had 2 spell levels left.
You didn't know any spells.
Your spell library was empty.

Dungeon Overview and Level Annotations

Branches:
Dungeon (2/15)

Altars:

Shops:
D:1 :


Innate Abilities, Weirdness & Mutations

Your plain brown scales are hard. (AC +5)
You cannot fit into any form of body armour.
You are cold-blooded and may be slowed by cold attacks.


Message History

The gnoll throws a throwing net.
The throwing net hits you.
You become entangled in the net!
There is a stone staircase leading up here.
You see here a throwing net.
You tear a large gash into the net.
The gnoll hits you from afar with a +0 spear.
Unknown command.
You struggle against the net.
The gnoll hits you from afar with a +0 spear.
The gnoll barely misses you. x2
You rip the net and break free!
The gnoll barely misses you. x2
The rat closely misses you. The gnoll hits you but does no damage.
The gnoll closely misses you. The gnoll hits you with a +0 flail.
* * * LOW HITPOINT WARNING * * *
The rat barely misses you. The gnoll hits you but does no damage.
You climb upwards.
There is a stone staircase leading down here.
You can't go up here!
You closely miss the gnoll.
Your tail-slap misses the gnoll.
The gnoll is moderately wounded.
The gnoll barely misses you. The gnoll hits you with a +0 whip.
* * * LOW HITPOINT WARNING * * *
You punch the gnoll! You tail-slap the gnoll.
The gnoll is almost dead.
The gnoll completely misses you. The gnoll barely misses you.
You barely miss the gnoll.
You tail-slap the gnoll, but do no damage.
The gnoll is almost dead.
The gnoll hits you with a +0 flail.
* * * LOW HITPOINT WARNING * * *
The gnoll hits you but does no damage.
You barely miss the gnoll. You tail-slap the gnoll.
You kill the gnoll!
You barely miss the gnoll. The gnoll hits you with a +0 whip.
* * * LOW HITPOINT WARNING * * *
You closely miss the gnoll.
Your tail-slap misses the gnoll.
The gnoll hits you with a +0 whip.
* * * LOW HITPOINT WARNING * * *
You hit the gnoll but do no damage. The gnoll hits you with a +0 whip.
You die...

##..∩.. #####.#...#
#......#.#. #.###...#..
#####.# ######.
#...#.###### #.
#....#.....# #.
#########...#.####.# #.
#...rg@)...........###.
#.#######...#.##.#.....
#.# ##.##.##...##..
#######.#
#.##.####.##..
#.......# ####.##.##
#.##.. #.#######
#...)....###..... #.#
#.##.##.......... #.#
#.##.###......... #.#
#.##.# ########..


You could see a gnoll and a rat.

Vanquished Creatures
  A gnoll (D:1)
  A dart slug (D:1)
  A ball python (D:2)
  4 endoplasms
  3 giant cockroaches (D:1)
  4 goblins
  2 hobgoblins (D:1)
  4 jackals (D:2)
  4 kobolds (D:1)
  4 bats (D:1)
  A frilled lizard (D:1)
  7 rats (D:1)
36 creatures vanquished.

Vanquished Creatures (others)
  A jackal (D:2)
  A kobold (D:2)
2 creatures vanquished.

Grand Total: 38 creatures vanquished

Notes
Turn   | Place    | Note
-------+----------+-------------------------------------------
     0 | D:1      | pkoi the Draconian Monk began the quest for the Orb.
     0 | D:1      | Reached XP level 1. HP: 19/19 MP: 1/1
   162 | D:1      | Found Xounergh's Book Shoppe.
   208 | D:1      | Reached XP level 2. HP: 21/26 MP: 2/2
   304 | D:1      | Found a faded altar of an unknown god.
   566 | D:1      | Reached skill level 4 in Unarmed Combat
   844 | D:1      | Reached XP level 3. HP: 31/31 MP: 3/3
  1111 | D:1      | HP: 1/31 [gnoll (2)]
  1112 | D:1      | Slain by a gnoll

Illustrated notes

Levels and vault maps discovered:
D:1:      dpeg_arrival_subterranean_lakeside_camping, layout_loops_ring,
          serial_shops, nicolae_diamond_shop,
          shapermc_ecumenical_altar_starsandcircs
D:2:      layout_basic, serial_shops, shop, lemuel_flame_loot_1

Skill      XL: |  1  2 |
---------------+-------+-----
Unarmed Combat | 4 |  4.6
Fighting       | |  3.2
Dodging        | |  2.6
Stealth        | |  1.7

Action                   || total
-------------------------++-------
Melee: Unarmed           ||   105
       Tailslap          ||     9
       Punch             ||     3
 Stab: Sleeping          ||     3
Armor: Skin              ||    44
Dodge: Dodged            ||    80
